 Dungeon Crawl Stone Soup version 0.31-a0-369-g8eba5f6939 (webtiles) character file.

Game seed: 6724177097839040327

150 Dirtsage the Changeling (level 5, 0/33 HPs)
             Began as an Octopode Shapeshifter on July 28, 2023.
             Killed from afar by an orc wizard (10 damage)
             ... with a magic dart
             ... on level 3 of the Dungeon.
             The game lasted 00:05:24 (1773 turns).

Dirtsage the Changeling (Octopode Shapeshifter)     Turns: 1773, Time: 00:05:24

Health: 0/33       AC:  1    Str: 14    XL:     5   Next: 32%
Magic:  5/5        EV: 13    Int: 12    God:
Gold:   116        SH:  0    Dex: 13    Spells: 4/4 levels left

rFire   . .          .
                       - Unarmed
rCold   . . .        (no shield)
rNeg    . . .        (helmet currently unavailable)
rPois   .            (no amulet)
rElec   .            f - ring of flight
rCorr   .            (no ring)
SInv    .            (no ring)
Will    .....        (no ring)
Stlth   ++           (no ring)
HPRegen 0.25/turn    (no ring)
MPRegen 0.09/turn    (no ring)
                     (no ring)

%: no passive effects
@: confused, beast-form, flying
A: beast (slay +3), almost no armour, amphibious, 8 rings, camouflage 1,
gelatinous body 1, (nimble swimmer 1), tentacles
a: Begin Untransformation


You were on level 3 of the Dungeon.
You were a hulking beast.
You visited 1 branch of the dungeon, and saw 3 of its levels.

You collected 116 gold pieces.

Inventory:

Armour
 p - a +0 hat
Jewellery
 f - a ring of flight (left tentacle)
Talismans
 b - a beast talisman
Wands
 o - a wand of flame (16)
Scrolls
 c - 4 scrolls of identify {unknown}
 d - 2 scrolls of vulnerability {unknown}
 e - a scroll of enchant weapon {unknown}
 g - a scroll of amnesia {unknown}
 i - a scroll of blinking {unknown}
 k - a scroll of fear {unknown}
 m - a scroll of enchant armour {unknown}
 q - a scroll of teleportation {unknown}
Potions
 a - 3 potions of lignification
 h - 2 potions of curing {unknown}
 j - a potion of magic {unknown}
 l - a potion of ambrosia {unknown}
 n - a potion of invisibility {unknown}


   Skills:
 - Level 1.0 Fighting
 - Level 2.0 Dodging
 - Level 3.0 Unarmed Combat
 + Level 5.1 Shapeshifting


You had 4 spell levels left.
You didn't know any spells.
Your spell library was empty.

Dungeon Overview and Level Annotations

Branches:
Dungeon (3/15)

Altars:
Kikubaaqudgha

Annotations:
D:3 3 runed translucent doors, sigonnn's ghost, amateur OpSh


Innate Abilities, Weirdness & Mutations

You are a hulking beast.
Your limbs bulge with bestial killing power. (Slay +3)
You cannot wear most types of armour.
You are amphibious.
You can wear up to eight rings at the same time.
Your skin changes colour to match your surroundings (Stealth+).
Your rubbery body absorbs attacks. (AC +1, EV +1)
((You are camouflaged when in or above water. (Stealth+)))
You have tentacles for arms and can constrict up to eight enemies at once.


Message History

The orc is lightly wounded.
You constrict the orc. The orc hits you with a +0 short sword.
You take 5 damage, and have 28/33 hp.
You tentacle-slap the orc. You squeeze the orc.
You kill the orc!
You tentacle-slap the giant cockroach. You grab the giant cockroach.
The giant cockroach is almost dead.
You constrict the giant cockroach.
You kill the giant cockroach!
You miss something. Something hits you.
You take 1 damage, and have 27/33 hp.
You barely miss something. Something barely misses you.
You closely miss something.
Your tentacle-slap misses something.
Something barely misses you.
You tentacle-slap something. x2; You squeeze something.
Something hits you.
You take 4 damage, and have 24/33 hp.
You closely miss something. Your squeeze misses something. Something hits you.
You take 4 damage, and have 20/33 hp.
You miss something. Your squeeze misses something. Something hits you.
You take 3 damage, and have 17/33 hp.
You miss something. Something hits you.
You take 1 damage, and have 16/33 hp.
You miss something. Your squeeze misses something.
You hear some strange, mumbled words.
A magic dart appears from out of thin air!
The magic dart hits you.
You take 6 damage, and have 10/33 hp.
You completely miss something. Something hits you.
* * * LOW HITPOINT WARNING * * *
You take 1 damage, and have 9/33 hp.
You tentacle-slap something. Something hits you but does no damage.
You tentacle-slap something. Something barely misses you.
You tentacle-slap something.
You hear some strange, mumbled words.
You are confused.
You bump into the rock wall.
You hear some strange, mumbled words.
A magic dart appears from out of thin air!
The magic dart hits you!
You die...

### #### .... ..#
...~. #.#
~~...~#.#### #####
~≈~≈~{B....#
##...#
≈~≈~.~.###{#
#....######
≈~~≈~~. #h#
#...).....#
~~≈≈~.B
#.#####.#######.#
.~≈~~..
#.......#######.##
~~≈≈...
##########........
≈~≈~.~. ##....#.##
≈≈≈≈~.. ........##
#.......##
..........
........)#


There were no monsters in sight!

Vanquished Creatures
  4 gnolls (D:2)
  2 adders (D:2)
  2 worms (D:2)
  2 dart slugs
  2 orcs (D:3)
  5 bats
  6 endoplasms
  18 giant cockroaches
  7 goblins
  8 hobgoblins
  2 jackals (D:1)
  2 kobolds
  3 quokkas
  4 ball pythons
  2 frilled lizards (D:3)
  2 rats (D:2)
71 creatures vanquished.

Notes
Turn   | Place    | Note
-------+----------+-------------------------------------------
     0 | D:1      | Dirtsage the Octopode Shapeshifter began the quest for the
                  | Orb.
     0 | D:1      | Reached XP level 1. HP: 13/13 MP: 1/1
   134 | D:1      | Reached XP level 2. HP: 14/18 MP: 2/2
   481 | D:1      | Reached XP level 3. HP: 22/23 MP: 3/3
   689 | D:2      | Reached skill level 4 in Shapeshifting
   759 | D:2      | Reached XP level 4. HP: 17/28 MP: 4/4
  1087 | D:2      | Reached XP level 5. HP: 21/33 MP: 5/5
  1426 | D:2      | Reached skill level 5 in Shapeshifting
  1567 | D:3      | Found a runed translucent gate.
  1570 | D:3      | Found a runed translucent gate.
  1571 | D:3      | Found a runed translucent gate.
  1573 | D:3      | Noticed sigonnn's ghost (amateur OpSh)
  1688 | D:3      | Found an ancient bone altar of Kikubaaqudgha.
  1773 | D:3      | Killed from afar by an orc wizard

Illustrated notes

Levels and vault maps discovered:
D:1:      giann_horns, layout_loops_ring
D:2:      minmay_roachtagon, layout_loops_ring, minmay_surrounded
D:3:      layout_loops_ring, kiku_gazebo_pond_becter, ebering_ghost_rock_garden,
          chequers_ecumenical_altar_island, kennysheep_potato

Skill      XL: |  1  2  3  4  5 |
---------------+----------------+-----
Shapeshifting  | 4 5 |  5.1
Fighting       | |  1.0
Dodging        | |  2.0
Unarmed Combat | |  3.0

Action                     |  1- 3 |  4- 6 || total
---------------------------+-------+-------++-------
  Melee: Unarmed           |    42 |    99 ||   141
         Constrict         |    13 |    25 ||    38
         Tentacles         |     7 |    16 ||    23
         Punch             |     2 |     3 ||     5
   Stab: Sleeping          |     3 |     9 ||    12
         Distracted        |     1 |     1 ||     2
 Armour: Skin              |     3 |     4 ||     7
  Dodge: Dodged            |    19 |    58 ||    77

Table legend: (Time is in decaauts)
 A = Elapsed time spent in this place.
 B = Non-inter-level travel time spent in this place.
 C = Inter-level travel time spent in this place.
 D = Time resting spent in this place.
 E = Time spent auto-exploring this place.
 F = Levels seen in this place.
 G = Mean time per level.
                   A        B        C        D        E       F      G
               +--------+--------+--------+--------+--------+-----+--------+
         Total |   1763 |   1562 |    201 |     59 |   1159 |   3 |  587.7 |
       Dungeon |   1763 |   1562 |    201 |     59 |   1159 |   3 |  587.7 |
               +--------+--------+--------+--------+--------+-----+--------+

Top non-repeatable levels by time:
     D:2: 835 daAuts
     D:1: 683 daAuts
     D:3: 244 daAuts
